Map: World of Sleepers LE

Players

Käsekuchen - Winner!

  • Race: Protoss Protoss
  • League: Master
  • Spawn Location: 1:00

Mez

  • Race: Terran Terran
  • League: Master
  • Spawn Location: 7:00

VOD

Have the link to the VOD?

Description

Time

  • Played on: Aug. 22, 2019, 1:04 p.m.
  • Length: 14:01
Show
View Real Time Build Order
Export as new Build Order

Käsekuchen Protoss - Winner!

Build Orders: 1 Gate Expand, Double Forge, Blink Stalkers, Chargelot Immortal 

Get SALT Encoding   

  12  0:00  Probe  
  13  0:13  Probe  
  14  0:19  Pylon  
  14  0:26  Probe  
  15  0:34  Probe  
  15  0:40  Gateway  
  15  0:42  Probe  
  17  0:51  Assimilator  
  17  0:52  Probe  
  18  1:04  Probe  
  19  1:16  Probe  
  20  1:30  Nexus  
  20  1:37  Cybernetics Core  
  20  1:46  Probe, Assimilator  
  21  1:54  Pylon  
  21  1:58  Probe  
  22  2:04  Adept  
  22  2:10  Probe  
  22  2:14  Warp Gate  
  25  2:28  Twilight Council  
  25  2:35  Pylon  
  25  2:38  Probe  
  25  2:42  Probe  
  26  2:47  Stalker  
  26  2:48  Probe  
  26  2:50  Probe  
  29  2:55  Blink  
  29  2:57  Probe  
  32  3:07  Probe  
  32  3:12  Probe  
  34  3:17  Robotics Facility  
  34  3:20  Probe  
  35  3:29  Probe  
  35  3:30  Stalker  
  35  3:34  Probe  
  39  3:40  Pylon  
  39  3:41  Probe  
  39  3:46  Probe  
  41  3:53  Probe  
  42  3:58  Probe  
  42  3:59  Observer  
  41  4:06  Nexus  
  41  4:09  Probe  
  43  4:10  Stalker  
  43  4:14  Probe  
  46  4:19  Forge  
  46  4:20  Observer, Forge  
  46  4:21  Probe  
  47  4:27  Probe  
  47  4:28  Assimilator  
  49  4:31  Assimilator  
  49  4:34  Stalker  
  49  4:38  Probe  
  51  4:43  Protoss Ground Weapons Level 1  
  52  4:46  Probe  
  52  4:50  Probe  
  52  4:51  Protoss Ground Armor Level 1  
  54  4:58  Gateway  
  54  5:02  Gateway, Probe  
  55  5:07  Observer  
  55  5:11  Probe  
  55  5:12  Gateway  
  55  5:13  Gateway  
  56  5:28  Immortal  
  56  5:36  Probe  
  56  5:41  Probe  
  62  5:44  Charge  
  62  5:45  Sentry  
  62  5:46  Gateway  
  62  5:47  Probe  
  62  5:48  Gateway  
  65  5:51  Probe  
  66  6:01  Probe  
  67  6:04  Zealot  
  67  6:05  Zealot  
  67  6:06  Immortal  
  67  6:08  Probe  
  67  6:09  Pylon  
  76  6:11  Pylon  
  76  6:13  Pylon  
  76  6:17  Probe  
  77  6:26  Gateway  
  77  6:27  Probe x2  
  77  6:30  Pylon  
  77  6:31  Stalker x2  
  83  6:38  Templar Archives, Protoss Ground Weapons Level 2  
  83  6:43  Protoss Ground Armor Level 2, Stalker x2  
  83  6:45  Stalker  
  89  6:55  Pylon  
  89  6:57  Pylon  
  89  7:03  Probe  
  89  7:05  Probe  
  91  7:13  Probe  
  92  7:22  Probe  
  93  7:26  Observer, Probe  
  94  7:31  Psionic Storm  
  94  7:33  Observer  
  94  7:38  Probe  
  94  7:39  Immortal, Zealot x2  
  94  7:40  Zealot x6  
  114  7:46  Probe  
  115  7:53  Probe  
  115  7:57  Probe  
  116  8:09  Zealot, High Templar x4  
  116  8:10  Zealot  
  124  8:16  Assimilator  
  124  8:18  Assimilator  
  124  8:19  Pylon  
  124  8:20  Pylon  
  124  8:21  Pylon  
  124  8:23  Dark Shrine, Pylon  
  124  8:26  Pylon  
  124  8:28  Pylon, Probe  
  125  8:37  Warp Prism  
  127  8:47  Zealot x4  
  134  8:49  Nexus  
  134  8:52  Pylon  
  134  8:53  Pylon  
  132  9:05  Pylon, Archon  
  122  9:10  Probe  
  122  9:12  Immortal, Zealot x4  
  122  9:13  Protoss Ground Weapons Level 3, Probe, Protoss Ground Armor Level 3  
  122  9:14  Pylon  
  134  9:33  Gateway, Probe  
  135  9:39  Photon Cannon, Shadow Stride  
  135  9:40  Shield Battery  
  135  9:42  Photon Cannon  
  135  9:45  Zealot x4  
  137  9:46  Zealot  
  145  9:59  Probe  
  146  10:00  Probe x2  
  146  10:15  Immortal  
  146  10:18  High Templar x2  
  146  10:19  Zealot x4, High Templar  
  146  10:20  Zealot  
  158  10:27  Probe  
  159  10:30  Robotics Facility  
  159  10:34  Robotics Bay  
  159  10:40  Probe x2  
  155  10:45  Dark Templar x6  
  167  11:01  Immortal, Photon Cannon x2, Pylon  
  167  11:03  Shield Battery, Unknown  
  167  11:14  Pylon  
  167  11:17  Pylon  
  167  11:30  Probe  
  166  11:34  Probe  
  166  11:38  Dark Templar x2  
  166  11:39  Probe  
  170  11:42  Probe  
  171  11:49  Probe  
  172  11:58  Probe  
  169  12:03  Zealot  
  169  12:04  Probe  
  169  12:05  Colossus x2  
  169  12:06  Probe  
  171  12:14  Zealot x5  
  171  12:15  Zealot x3  
  197  12:39  Nexus  
  197  12:42  Assimilator x2  
  197  12:43  Pylon  
  195  12:57  Stalker x3  
  141  13:40  Stalker x4  
  141  13:41  Probe x3  
  135  13:45  Probe  
Show
View Real Time Build Order
Export as new Build Order

Mez Terran 

Build Orders: Reaper Expand 

Get SALT Encoding   

  12  0:00  SCV  
  13  0:12  SCV  
  14  0:17  Supply Depot  
  14  0:25  SCV  
  15  0:38  SCV  
  15  0:40  Barracks  
  16  0:44  Refinery  
  16  0:50  SCV  
  17  1:02  SCV  
  18  1:15  SCV  
  19  1:31  Orbital Command, Reaper  
  20  1:43  Command Center  
  20  1:51  Bunker  
  20  1:57  SCV  
  21  2:02  Marine  
  22  2:10  Supply Depot  
  22  2:11  SCV  
  23  2:21  Barracks Reactor  
  24  2:42  Command Center  
  23  2:46  Factory, SCV  
  23  2:50  Refinery  
  24  2:58  Orbital Command, SCV  
  24  3:04  Marine x2  
  27  3:12  SCV  
  28  3:23  Marine x2  
  28  3:24  SCV  
  31  3:29  SCV  
  31  3:31  Widow Mine  
  34  3:35  Starport  
  34  3:37  SCV  
  35  3:44  SCV  
  35  3:45  Marine x2  
  38  3:49  SCV  
  38  3:56  Factory Tech Lab  
  38  4:03  SCV x2  
  38  4:08  Refinery  
  40  4:11  Orbital Command  
  40  4:13  Starport Tech Lab  
  40  4:15  SCV x2  
  42  4:22  Marine x2  
  42  4:24  Siege Tank  
  47  4:27  SCV x2  
  49  4:32  Supply Depot, Raven  
  51  4:39  SCV x2  
  51  4:41  Marine  
  51  4:42  Marine  
  55  4:51  Barracks, SCV  
  55  4:52  Barracks, SCV  
  57  4:58  Refinery  
  57  4:59  Siege Tank  
  60  5:02  Marine  
  60  5:03  SCV, Marine  
  60  5:04  SCV  
  64  5:11  Supply Depot  
  64  5:13  Supply Depot  
  57  5:38  Starport Reactor  
  57  5:44  Engineering Bay  
  57  5:45  Barracks, Engineering Bay  
  57  5:46  Supply Depot, Barracks  
  57  5:48  Supply Depot  
  57  5:50  Marine x2  
  57  5:52  Factory Reactor  
  57  5:53  SCV x3  
  62  6:03  Stimpack  
  62  6:05  Marauder  
  62  6:07  SCV x2  
  66  6:12  Terran Infantry Armor Level 1, Terran Infantry Weapons Level 1  
  66  6:14  SCV  
  66  6:18  Combat Shield  
  67  6:19  Marauder, SCV, Marine x2  
  67  6:25  Medivac  
  74  6:26  Medivac, Marine  
  77  6:35  Supply Depot  
  77  6:38  Barracks Tech Lab, Barracks Reactor  
  77  6:39  Supply Depot, Marine x2  
  79  6:41  Widow Mine x2  
  79  6:42  SCV  
  79  6:45  SCV x2  
  86  7:01  Supply Depot  
  86  7:02  Supply Depot  
  86  7:03  Marauder x2, Marine x3  
  86  7:05  Widow Mine, Orbital Command  
  86  7:06  Widow Mine  
  97  7:16  Marine x2  
  97  7:17  SCV x2  
  97  7:21  Marine  
  97  7:22  Marauder  
  98  7:24  Marauder x2, Marine  
  98  7:27  Supply Depot  
  98  7:29  Supply Depot  
  103  7:33  Supply Depot  
  103  7:34  Marine  
  104  7:39  Supply Depot  
  104  7:40  Marine  
  104  7:41  Marine  
  104  7:43  Marauder  
  107  7:46  Marauder, SCV x3  
  107  7:48  Medivac x2  
  107  7:50  Concussive Shells  
  107  7:51  Marine  
  117  7:58  SCV  
  118  8:03  Supply Depot  
  117  8:12  Marauder x2, Marine x4  
  124  8:19  SCV x3  
  127  8:20  Supply Depot  
  127  8:21  Supply Depot  
  127  8:34  Medivac, Ghost Academy  
  127  8:35  Armory  
  127  8:37  Starport  
  129  8:44  Marauder x3, Marine  
  129  8:47  SCV x2  
  138  8:48  SCV  
  136  8:56  Widow Mine x2  
  102  9:11  Marine  
  102  9:12  Marauder x2, Marine x2  
  108  9:21  Marauder, Marine  
  111  9:25  Barracks, Starport Reactor  
  111  9:26  SCV x2  
  111  9:28  Refinery, Barracks, SCV  
  111  9:29  Refinery, Marine  
  111  9:30  Barracks  
  115  9:34  Marauder x2  
  115  9:35  Marine  
  115  9:36  Marine  
  115  9:37  Terran Infantry Weapons Level 2  
  121  9:39  Terran Infantry Armor Level 2, Marine  
  122  9:55  Ghost  
  122  9:56  Ghost x2  
  122  9:57  Enhanced Shockwaves  
  126  10:15  Barracks Tech Lab  
  126  10:16  Marine x2  
  119  10:24  Ghost x2  
  119  10:26  Liberator x3  
  123  10:30  Marauder, SCV x3  
  127  10:41  Barracks Tech Lab x2  
  127  10:42  SCV x3, Marine x4  
  133  10:45  Medivac  
  144  10:51  Marauder  
  144  10:54  Command Center, SCV x3  
  149  11:06  SCV x2  
  149  11:09  Ghost x3  
  157  11:17  Marine x2  
  157  11:19  Marine x2  
  157  11:20  Marine x2  
  153  11:30  Missile Turret  
  149  11:39  Marauder, Marine x4  
  152  11:40  Marauder  
  142  11:49  Marauder  
  142  11:50  Marauder x2  
  148  11:59  Marine x2  
  149  12:16  SCV x3  
  149  12:22  Orbital Command, Missile Turret  
  148  12:28  SCV x3  
  149  12:30  Missile Turret  
  149  12:40  SCV x2  
  143  12:46  Ghost x3  
  143  12:47  Marine x2  
  143  12:49  Liberator x2  
  143  12:51  SCV  
  131  13:34  Marauder x5, Marine x2  
Tags
 
Add a new tag
Caveats
  • Supply blocks, unpowered buildings, or Contaminate may cause inaccurate times.
  • Supply counts are checked every 10 seconds.